 Dungeon Crawl Stone Soup version 0.28.0-47-ge53b351184 (webtiles) character file.

Game seed: 5903651156878351762

4133 101zpm the Thaumaturge (level 10, -7/62 HPs)
             Began as a Djinni Fire Elementalist on May 1, 2022.
             Was a Follower of Qazlal.
             Mangled by Harold
             ... wielding a +0 flail
              (16 damage)
             ... on level 8 of the Dungeon.
             The game lasted 00:30:19 (11598 turns).

101zpm the Thaumaturge (Djinni Fire Elementalist)  Turns: 11598, Time: 00:30:21

Health: -7/62      AC:  3    Str:  7    XL:     10   Next: 51%
Gold:   353        EV: 13    Int: 21    God:    Qazlal [*.....] SH:  1 Dex: 14

rFire   + + +      SeeInvis .   z - +7 war axe "Rol Wuij" {elec, rF+}
rCold   x . .      Faith    .   (no shield)
rNeg    . . .      Spirit   .   a - +0 robe
rPois   ∞          Reflect  .   (no helmet)
rElec   .          Harm     .   (no cloak)
rCorr   +          Rampage  .   k - +0 pair of gloves
Will    ++...                   (boots unavailable)
Stlth   +++.......              (no amulet)
HPRegen 0.20/turn               B - ring of resist corrosion
MPRegen 0.00/turn               F - ring of willpower

@: marked, flying
A: sickness immunity, fire resistance 2, cold vulnerability 1, float, innate
caster, HP casting, extra vitality 1
a: Renounce Religion


You were on level 8 of the Dungeon.
You worshipped Qazlal.
Qazlal was aware of your devotion.
You visited 2 branches of the dungeon, and saw 9 of its levels.

You collected 353 gold pieces.

Inventory:

Hand Weapons
 e - a +2 whip of electrocution
 i - a +2 rapier of holy wrath
 o - a +2 flail of venom
 z - the +7 war axe "Rol Wuij" (weapon) {elec, rF+}
   (You found it on level 5 of the Dungeon)

   It occasionally discharges a powerful burst of electricity upon striking a
   foe.
   rF:        It protects you from fire.
Missiles
 u - 154 arrows
 v - 77 stones
 x - 14 poisoned darts
 y - 64 sling bullets
Armour
 a - a +0 robe (worn)
 k - a +0 pair of gloves (worn)
 t - an orb of guile
Jewellery
 B - a ring of resist corrosion (left hand)
 F - a ring of willpower (right hand)
Wands
 I - a wand of flame (16)
Scrolls
 b - a scroll of brand weapon {unknown}
 d - 2 scrolls of amnesia {unknown}
 f - a scroll of noise {unknown}
 g - 5 scrolls of identify {unknown}
 j - a scroll of fear {unknown}
 l - 4 scrolls of teleportation {unknown}
 p - a scroll of enchant armour {unknown}
 q - 2 scrolls of fog {unknown}
 r - a scroll of magic mapping {unknown}
 s - a scroll of vulnerability {unknown}
 A - a scroll of blinking {unknown}
 D - 3 scrolls of enchant weapon {unknown}
 H - a scroll of immolation {unknown}
Potions
 c - 2 potions of heal wounds {unknown}
 h - a potion of might {unknown}
 m - a potion of berserk rage {unknown}
 n - 2 potions of curing {unknown}
 w - a potion of mutation {unknown}
 C - a potion of magic {unknown}
 E - 3 potions of lignification {unknown}
 G - a potion of flight {unknown}


   Skills:
 + Level 1.2 Fighting
 + Level 0.5 Maces & Flails
 + Level 3.0 Dodging
 + Level 4.1 Stealth
 + Level 10.8 Spellcasting


You had 7 spell levels left.
You knew the following spells:

 Your Spells              Type           Power      Damage    Failure   Level
a - Foxfire               Conj/Fire      100%       2x1d9     1%          1
b - Scorch                Fire           100%       2d10      1%          2
c - Conjure Flame         Conj/Fire      55%        6-21      1%          3
d - Inner Flame           Hex/Fire       55%        N/A       1%          3
e - Flame Wave            Conj/Fire      55%        2d11      1%          4
f - Sting                 Tmut/Pois      100%       1d8       1%          1
g - Ensorcelled Hibernat  Hex/Ice        100%       N/A       1%          2
h - Call Canine Familiar  Summ           55%        N/A       1%          3
i - Ice Form              Ice/Tmut       55%        N/A       1%          4
Your spell library was empty.

Dungeon Overview and Level Annotations

Branches:
Dungeon (8/15)             Temple (1/1) D:5
   Lair: D:8-11

Altars:
Cheibriados
Dithmenos
Elyvilon
Fedhas
Gozag
Hepliaklqana
Kikubaaqudgha
Makhleb
Nemelex Xobeh
Qazlal
Ru
Sif Muna
Trog
Uskayaw
Vehumet
Wu Jian
Xom
Yredelemnul
Zin
The Shining One

Annotations:
D:8 Harold


Innate Abilities, Weirdness & Mutations

You are immune to sickness and miasma.
You are immune to poison.
Your flesh is very heat resistant. (rF++)
You are vulnerable to cold. (rC-)
You float through the air rather than walking.
You learn spells naturally, not from books.
Your magical power is your life essence.
You have superior vitality. (+4 MHP)


Message History

(Press . to intensify the flame waves.) Harold completely misses you.
Harold fires a harpoon shot at you. The harpoon shot hits you!
You are yanked forward by the harpoon shot.
Harold is no longer more vulnerable to fire.
Harold throws a throwing net.
The throwing net barely misses you.
Casting: Flame Wave (dangerous; 1% risk of failure)
Confirm with . or Enter, or press ? or * to list all spells.
Harold points at you and mumbles some strange words.
You barely resist.
Casting: Call Canine Familiar (safe; 1% risk of failure)
Confirm with . or Enter, or press ? or * to list all spells.
Flames lash Harold.
Harold is lightly wounded.
Harold's fire resistance burns away.
Harold fires a harpoon shot at you. The harpoon shot hits you!
You are yanked forward by the harpoon shot.
Harold hits you with a +0 flail!
* * * LOW HITPOINT WARNING * * *
You hit Harold.
Harold is lightly wounded.
Harold is no longer more vulnerable to fire.
Your wolf bites Harold!
Your wolf bites Harold.
Harold closely misses you.
You barely miss Harold. You punch Harold.
Harold is moderately wounded.
Your wolf bites Harold!
Your wolf closely misses Harold.
Harold casts a spell at you.
You barely resist.
Your wolf bites Harold.
Harold gestures at you while chanting. A sentinel's mark forms upon you.
Casting: Scorch (safe; 1% risk of failure)
Confirm with . or Enter, or press ? or * to list all spells.
Flames lash Harold.
Harold is heavily wounded.
Harold's fire resistance burns away.
* * * LOW HITPOINT WARNING * * *
Your wolf barely misses Harold. x2; Harold hits you with a +0 flail!
You die...

#..........#..#.##.#
#(............#.##.#
#.........##.......#
#...........#.#.####
#........##...#....#
#........#########.#
#........# #
#######h###.#
#@@...# #######


You could see Harold (combustible, ally target) and a friendly wolf (summoned).

Vanquished Creatures
  Pikel (D:5)
  Prince Ribbit (D:6)
  Sigmund (D:6)
  A steam dragon (D:6)
  Menkaure (D:6)
  A water moccasin (D:6)
  Duvessa (D:4)
  3 black bears
  2 orc warriors (D:7)
  2 sky beasts
  5 centaurs
  An ogre (D:4)
  2 lemures (D:5)
  4 phantoms
  A kobold brigand (D:4)
  A gnoll sergeant (D:6)
  6 scorpions
  Dowan (D:4)
  3 killer bees (D:8)
  A water moccasin skeleton (D:5)
  4 hounds
  3 bullfrog zombies (D:5)
  A jelly (D:4)
  3 orc priests (D:7)
  A centaur skeleton (D:6)
  7 iguanas
  Natasha (twice) (D:3)
  2 hound skeletons (D:4)
  5 gnolls
  8 adders
  3 white imps
  An adder skeleton (D:4)
  A dart slug (D:5)
  6 orcs
  4 bats
  11 endoplasms
  5 giant cockroaches (D:4)
  7 goblins
  8 hobgoblins
  5 jackals
  2 quokkas (D:1)
  4 ball pythons
  4 frilled lizards (D:1)
  5 kobolds
  5 rats
146 creatures vanquished.

Vanquished Creatures (others)
  A centaur zombie (D:6)
  607 foxfires
608 creatures vanquished.

Grand Total: 754 creatures vanquished

Notes
Turn   | Place    | Note
-------+----------+-------------------------------------------
     0 | D:1      | 101zpm the Djinni Fire Elementalist began the quest for the
                  | Orb.
     0 | D:1      | Reached XP level 1. HP: 15/15 MP: 0/0
   465 | D:1      | Reached XP level 2. HP: 17/21 MP: 0/0
  1151 | D:2      | Reached skill level 3 in Spellcasting
  1315 | D:2      | Reached XP level 3. HP: 7/25 MP: 0/0
  1315 | D:2      | Learned a level 1 spell: Sting
  1597 | D:3      | Noticed Natasha
  1602 | D:3      | Killed Natasha
  1603 | D:3      | Reached XP level 4. HP: 26/31 MP: 0/0
  1759 | D:4      | Noticed a scorpion
  1762 | D:4      | Killed a scorpion
  1763 | D:4      | Reached XP level 5. HP: 28/35 MP: 0/0
  1763 | D:4      | Learned a level 2 spell: Ensorcelled Hibernation
  2021 | D:4      | Reached skill level 4 in Spellcasting
  2030 | D:4      | Noticed a kobold brigand
  2034 | D:4      | Killed a kobold brigand
  2035 | D:4      | Reached XP level 6. HP: 7/41 MP: 0/0
  2293 | D:4      | Found a hide-covered altar of Uskayaw.
  2299 | D:4      | Found a bloodstained altar of Trog.
  2728 | D:4      | Noticed Duvessa
  2736 | D:4      | Killed Duvessa
  2737 | D:4      | Reached skill level 5 in Spellcasting
  2737 | D:4      | Reached XP level 7. HP: 33/46 MP: 0/0
  2737 | D:4      | Learned a level 3 spell: Call Canine Familiar
  2746 | D:4      | Noticed Dowan
  2752 | D:4      | Killed Dowan
  2939 | D:4      | Reached skill level 6 in Spellcasting
  2981 | D:4      | Reached XP level 8. HP: 3/51 MP: 0/0
  3956 | D:4      | Found a blossoming altar of Fedhas.
  4870 | D:2      | Found a shadowy altar of Dithmenos.
  5006 | D:2      | Found a faded altar of an unknown god.
  5538 | D:3      | Noticed Natasha
  5542 | D:3      | Killed Natasha
  6319 | D:5      | Entered Level 5 of the Dungeon
  6519 | D:5      | Identified the +7 war axe "Rol Wuij" {elec, rF+}
  6623 | D:5      | Reached skill level 7 in Spellcasting
  6749 | D:5      | Noticed Pikel
  6758 | D:5      | Killed Pikel
  6759 | D:5      | Reached skill level 8 in Spellcasting
  6759 | D:5      | Reached XP level 9. HP: 37/56 MP: 0/0
  6759 | D:5      | Learned a level 4 spell: Ice Form
  7427 | D:5      | Found a staircase to the Ecumenical Temple.
  7600 | Temple   | Entered the Ecumenical Temple
  7838 | Temple   | Became a worshipper of Qazlal Stormbringer
  7918 | D:6      | Noticed Menkaure
  7923 | D:6      | Killed Menkaure
  8303 | D:6      | Noticed Sigmund
  8306 | D:6      | Reached skill level 9 in Spellcasting
  8306 | D:6      | Killed Sigmund
  9403 | D:6      | Reached skill level 1 in Fighting
  9419 | D:6      | Reached XP level 10. HP: 38/62 MP: 0/0
  9921 | D:6      | Noticed Prince Ribbit
  9927 | D:6      | Killed Prince Ribbit
  9928 | D:6      | Reached skill level 10 in Spellcasting
 10559 | D:7      | Found an ornate altar of the Wu Jian Council.
 11017 | D:7      | Reached * piety under Qazlal
 11587 | D:8      | Noticed Harold
 11598 | D:8      | Mangled by Harold

Illustrated notes

Levels and vault maps discovered:
D:1:      psy_arrival_terrarium, layout_basic
D:2:      layout_loops_cross, basic_ecumenical_altar, basic_altar,
          minmay_bisected
D:3:      layout_loops_ring, uniq_natasha
D:4:      minmay_chambers_of_threes, layout_basic, fedhas_altar_4,
          mainiacjoe_overflow_catwalk_spiral, minivault_19, uniq_duvessa
D:5:      layout_gridville, temple_statues, minmay_misc_feat_alley, uniq_pikel
D:6:      layout_loops_ring, lemuel_flame_loot_1, uniq_sigmund,
          uniq_prince_ribbit1, uniq_menkaure
D:7:      layout_cave_pods, nicolae_wu_jian_immortal_techniques
D:8:      layout_basic, gammafunk_temple_overflow_elements, lair_entry_dummy,
          uniq_harold
Temple:   eino_temple_rhombus

Skill      XL: |  1  2  3  4  5  6  7  8  9 10 |
---------------+-------------------------------+-----
Spellcasting   | 3 4 5 6 8 9 10 | 10.8
Stealth        | 2 3 4 |  4.1
Fighting       | 1 |  1.2
Dodging        | 3 |  3.0
Maces & Flails | |  0.5

Action                   |  1- 3 |  4- 6 |  7- 9 | 10-12 || total
-------------------------+-------+-------+-------+-------++-------
Melee: Whip              |     7 |       |     1 |       ||     8
       Rapier            |       |       |     5 |       ||     5
       War axe           |       |       |       |     2 ||     2
       Punch             |       |       |       |     1 ||     1
 Cast: Foxfire           |    65 |    29 |   231 |    55 ||   380
       Scorch            |     1 |     5 |    31 |     9 ||    46
       Inner Flame       |       |    16 |    44 |    23 ||    83
       Ensorcelled Hiber |       |     1 |       |       ||     1
       Conjure Flame     |       |     1 |       |       ||     1
       Call Canine Famil |       |       |    12 |     2 ||    14
       Ice Form          |       |       |     1 |       ||     1
       Flame Wave        |       |       |       |     2 ||     2
Armor: Robe              |     3 |       |     2 |       ||     5
Dodge: Dodged            |     5 |     1 |     9 |    10 ||    25
